 Dungeon Crawl Stone Soup version 0.29.1-15-g9cfb28693d (webtiles) character file.

Game seed: 869001219064259649

13486 CabbageHands the Carver (level 11, -5/75 HPs)
             Began as a Demonspawn Berserker on Apr 10, 2023.
             Was a High Priest of Trog.
             Slain by a two-headed ogre
             ... wielding a +0 giant spiked club
              (27 damage)
             ... on level 11 of the Dungeon.
             The game lasted 00:31:45 (13202 turns).

CabbageHands the Carver (Demonspawn Berserker)     Turns: 13202, Time: 00:31:46

Health: -5/75      AC: 27    Str: 28    XL:     11   Next: 76%
Magic:  11/11      EV:  6    Int:  9    God:    Trog [*****.]
Gold:   603        SH:  0    Dex: 12    Spells: 10/10 levels left

rFire   + . .      SeeInvis +   r - +2 great sword (chaos)
rCold   + . .      Faith    +   (shield currently unavailable)
rNeg    . . .      Spirit   .   L - +3 gold dragon scales
rPois   +          Reflect  .   (helmet unavailable)
rElec   .          Harm     .   k - +0 cloak
rCorr   .          Rampage  .   E - +2 pair of gloves
Will    .....                   o - +1 pair of boots
Stlth   ..........              i - amulet of faith
HPRegen 0.22/turn               e - +6 ring of strength
MPRegen 0.12/turn               (no ring)

@: no status effects
A: antennae 3, yellow scales 1, powered by pain 2, spiny 2
a: Renounce Religion, Berserk, Trog's Hand, Brothers in Arms


You were on level 11 of the Dungeon.
You worshipped Trog.
Trog was extremely pleased with you.
You visited 1 branch of the dungeon, and saw 11 of its levels.
You also visited: Sewer and Ossuary.

You collected 603 gold pieces.

Inventory:

Hand Weapons
 a - a +0 falchion
 r - a +2 great sword of chaos (weapon)
Missiles
 n - 2 curare-tipped darts (quivered)
Armour
 k - a +0 cloak (worn)
 o - a +1 pair of boots (worn)
 y - a +3 leather armour of fire resistance
 E - a +2 pair of gloves (worn)
 L - +3 gold dragon scales (worn)
Jewellery
 e - a +6 ring of strength (left hand)
 f - a ring of poison resistance
 g - a +6 ring of intelligence
 i - an amulet of faith (around neck)
 j - a ring of fire
 K - a ring of ice
Wands
 t - a wand of acid (3)
 v - a wand of mindburst (10)
 F - a wand of charming (35)
 I - a wand of flame (10)
 J - a wand of iceblast (13)
Scrolls
 b - a scroll of poison
 q - 9 scrolls of teleportation
 s - 2 scrolls of summoning
 G - 2 scrolls of fear
Potions
 c - 2 potions of cancellation
 d - 4 potions of lignification
 h - 3 potions of mutation
 l - 2 potions of might
 m - a potion of brilliance
 p - 3 potions of flight
 u - 3 potions of ambrosia
 w - a potion of haste
 x - 4 potions of resistance
 z - 4 potions of curing
 B - a potion of attraction
 C - 3 potions of invisibility {unknown}
 D - a potion of berserk rage {unknown}
 H - 3 potions of heal wounds
Miscellaneous
 A - a lightning rod (4/4)


   Skills:
 - Level 3.0 Fighting
 * Level 14.8 Long Blades
 - Level 0.2 Throwing
 + Level 7.1 Armour
 - Level 1.7 Dodging
 - Level 1.3 Stealth
 - Level 7.0 Evocations


You had 10 spell levels left.
You didn't know any spells.
Your spell library was empty.

Dungeon Overview and Level Annotations

Branches:
Dungeon (11/15)            Temple (0/1) D:5            Lair (0/5) D:9
    Orc (0/2) D:11          Sewer (visited)         Ossuary (visited)

Altars:
Ashenzari
Dithmenos
Kikubaaqudgha
Ru
Trog
Uskayaw

Shops:
D:4 :   D:11 =

Annotations:
D:11 4 transporters


Innate Abilities, Weirdness & Mutations

You have a pair of large antennae on your head. (SInv)
You are partially covered in yellow scales. (AC +2)
You sometimes gain power by taking damage.
You are mostly covered in sharp spines.


Message History

A two-headed ogre comes into view.
It is wielding a +0 giant spiked club and a +0 giant club.
The two-headed ogre shouts in stereo!
Throw: 3 darts (curare)
Press: ? - help, Q - select action, (/) - cycle Shift-Dir - straight line, f - two-headed ogre
Aim: a two-headed ogre, wielding a +0 giant spiked club and a +0 giant club (73% to hit)
You throw a curare-tipped dart.
The curare-tipped dart hits the two-headed ogre.
The two-headed ogre is poisoned.
The two-headed ogre convulses.
The two-headed ogre seems to slow down.
The two-headed ogre is lightly wounded.
The two-headed ogre hits you with a +0 giant spiked club!
The two-headed ogre barely misses you.
You hit the two-headed ogre.
The two-headed ogre is lightly wounded.
You hit the two-headed ogre.
The two-headed ogre is moderately wounded.
The two-headed ogre is struck by your spines.
The two-headed ogre hits you but does no damage. x2
You barely miss the two-headed ogre.
The two-headed ogre is heavily wounded.
You hit the two-headed ogre. You burn the two-headed ogre.
The two-headed ogre is heavily wounded.
You barely miss the two-headed ogre.
The two-headed ogre is heavily wounded.
The two-headed ogre hits you but does no damage.
The two-headed ogre completely misses you.
You hit the two-headed ogre.
The two-headed ogre is heavily wounded.
You hit the two-headed ogre but do no damage.
The two-headed ogre shakes off its lethargy.
The two-headed ogre goes berserk!
The two-headed ogre is heavily wounded.
The two-headed ogre barely misses you.
The two-headed ogre hits you with a +0 giant club!!
You hit the two-headed ogre.
The two-headed ogre is severely wounded.
The two-headed ogre hits you with a +0 giant spiked club!!
* * * LOW HITPOINT WARNING * * *
The two-headed ogre hits you with a +0 giant club!!
You die...

#.#.......####...#
#........#
#.#∩####.........#
#....†...####
#.#.# #.........#
#............
#.#.# #..#####..#
#............
#.#'# #..# #..#
#............
#.))# #..# #..#
#............
##.### #..# #..#
#............ ...#
#..# #..#
#............ ...#
#.:# #@.#
#>...........
...######..# #O.#
#...........>
.......)...# #..#
............
.....))....# #..#
..####.....
....####...# #..#
#..... ....# #...#
#..# ....# #...#
#..# ....# #...#
#..# ....# #...#


You could see a two-headed ogre (berserk, poisoned).

Vanquished Creatures
  Fannar (D:11)
  A catoblepas (D:9)
  2 manticores (D:9)
  An ugly thing (D:11)
  A gargoyle (D:9)
  An unseen horror (shapeshifter) (D:9)
  A troll (D:9)
  3 wraiths
  A shadow (D:7)
  7 yaks
  3 steam dragons
  4 wyverns
  An acid dragon (D:11)
  3 water moccasins
  4 orc warriors
  5 black bears
  An ice beast (D:7)
  4 ogres
  2 wolves (D:9)
  3 phantoms
  6 centaurs
  4 kobold brigands
  5 bullfrogs
  A necrophage (D:5)
  A gnoll sergeant (D:8)
  2 scorpions (D:6)
  19 wights
  7 killer bees
  A howler monkey (D:8)
  2 centaur zombies (Ossuary)
  4 jellies
  4 orc priests
  A gnoll bouda (D:9)
  A hound (D:6)
  Ijyb (D:3)
  2 iguanas
  5 orc wizards
  4 mummies (Ossuary)
  Robin (D:4)
  15 adders
  9 gnolls
  4 river rats (Sewer)
  3 white imps
  2 ufetubi
  An adder skeleton (D:3)
  3 worms
  3 dart slugs
  22 orcs
  10 ball pythons
  4 bats
  6 endoplasms
  5 giant cockroaches
  3 gnoll zombies (Ossuary)
  14 goblins
  17 hobgoblins
  8 jackals
  26 kobolds
  6 quokkas
  5 frilled lizards
  A goblin zombie (Ossuary)
  A hobgoblin zombie (Ossuary)
  A kobold zombie (Ossuary)
  A quokka skeleton (D:3)
  9 rats
299 creatures vanquished.

Vanquished Creatures (collateral kills)
  A two-headed ogre (D:11)
  A skeletal warrior (D:9)
  A deep elf pyromancer (D:9)
3 creatures vanquished.

Vanquished Creatures (others)
  A wizard (D:9)
  A water moccasin (D:9)
  A fungus (D:9)
  17 plants
20 creatures vanquished.

Grand Total: 322 creatures vanquished

Notes
Turn   | Place    | Note
-------+----------+-------------------------------------------
     0 | D:1      | CabbageHands the Demonspawn Berserker began the quest for
                  | the Orb.
     0 | D:1      | Reached XP level 1. HP: 18/18 MP: 1/1
   259 | D:1      | Reached skill level 3 in Long Blades
   412 | D:1      | Gained mutation: You sometimes gain a little power by
                  | taking damage. [demonic ancestry]
   412 | D:1      | Reached XP level 2. HP: 24/24 MP: 2/2
   861 | D:1      | Reached ** piety under Trog
   862 | D:1      | Gained mutation: You have a pair of small antennae on your
                  | head. [demonic ancestry]
   862 | D:1      | Reached XP level 3. HP: 29/29 MP: 3/3
  1395 | D:2      | Reached skill level 4 in Long Blades
  1611 | D:2      | Gained mutation: You are partially covered in sharp spines.
                  | [demonic ancestry]
  1611 | D:2      | Reached XP level 4. HP: 35/35 MP: 4/4
  1868 | D:2      | Found a faded altar of an unknown god.
  2269 | D:3      | Noticed Ijyb
  2285 | D:3      | Killed Ijyb
  2493 | D:3      | Noticed an ogre
  2495 | D:3      | Gained mutation: You sometimes gain power by taking damage.
                  | [demonic ancestry]
  2495 | D:3      | Reached XP level 5. HP: 41/41 MP: 5/5
  2503 | D:3      | Killed an ogre
  2504 | D:3      | Reached skill level 5 in Long Blades
  2730 | D:3      | Noticed a phantom
  2741 | D:3      | Killed a phantom
  2742 | D:3      | Gained mutation: You have a pair of antennae on your head.
                  | [demonic ancestry]
  2742 | D:3      | Reached XP level 6. HP: 32/47 MP: 6/6
  3413 | D:4      | Reached skill level 6 in Long Blades
  3648 | D:4      | Noticed a steam dragon
  3662 | D:4      | Killed a steam dragon
  3663 | D:4      | Reached XP level 7. HP: 52/52 MP: 7/7
  3727 | D:4      | Reached skill level 1 in Stealth
  3994 | D:4      | Noticed Robin
  4004 | D:4      | Killed Robin
  4005 | D:4      | Reached skill level 7 in Long Blades
  4203 | D:4      | Found Biotoorch's Book Shoppe.
  4346 | D:4      | Reached *** piety under Trog
  4406 | D:4      | Found a bloodstained altar of Trog.
  4598 | D:5      | Entered Level 5 of the Dungeon
  4818 | D:5      | Found a staircase to the Ecumenical Temple.
  4954 | D:5      | Found a glowing drain.
  4961 | Sewer    | Entered a sewer
  5164 | Sewer    | Gained mutation: You have a pair of large antennae on your
                  | head. (SInv) [demonic ancestry]
  5164 | Sewer    | Reached XP level 8. HP: 58/58 MP: 8/8
  5217 | Sewer    | Reached **** piety under Trog
  5218 | Sewer    | Reached skill level 8 in Long Blades
  6337 | D:6      | Reached skill level 5 in Armour
  6428 | D:6      | Reached skill level 9 in Long Blades
  6532 | D:6      | HP: 1/58 [ogre/+0 giant club (28)]
  6582 | D:6      | Found a sand-covered staircase.
  6591 | Ossuary  | Entered an ossuary
  6830 | Ossuary  | Reached XP level 9. HP: 63/63 MP: 9/9
  7025 | D:6      | Reached skill level 10 in Long Blades
  7535 | D:7      | Reached skill level 1 in Evocations
  7692 | D:7      | Found a hide-covered altar of Uskayaw.
  7693 | D:7      | Noticed a +0 hand axe
  7694 | D:7      | Noticed a +0 dagger
  7792 | D:7      | Reached ***** piety under Trog
  8072 | D:7      | Reached skill level 11 in Long Blades
  8509 | D:8      | Found an ancient bone altar of Kikubaaqudgha.
  8630 | D:8      | Found a shadowy altar of Dithmenos.
  8968 | D:8      | Gained mutation: You are partially covered in yellow
                  | scales. (AC +2) [demonic ancestry]
  8968 | D:8      | Reached XP level 10. HP: 46/70 MP: 10/10
  9482 | D:8      | Found a broken altar of Ashenzari.
  9599 | D:9      | Found a sacrificial altar of Ru.
  9640 | D:9      | Received a gift from Trog
  9653 | D:9      | Reached skill level 12 in Long Blades
  9672 | D:9      | Reached skill level 5 in Evocations
 10282 | D:9      | Found a staircase to the Lair.
 10548 | D:9      | Noticed a skeletal warrior
 10554 | D:9      | Killed a skeletal warrior
 10555 | D:9      | Reached skill level 13 in Long Blades
 10556 | D:9      | Noticed a deep elf pyromancer
 10559 | D:9      | Noticed a wizard
 10559 | D:9      | Killed a deep elf pyromancer
 10562 | D:9      | Killed a wizard
 10565 | D:9      | Noticed a gargoyle
 10567 | D:9      | Killed a gargoyle
 10568 | D:9      | Gained mutation: You are mostly covered in sharp spines.
                  | [demonic ancestry]
 10568 | D:9      | Reached XP level 11. HP: 74/75 MP: 11/11
 10573 | D:9      | Noticed a catoblepas
 10578 | D:9      | Killed a catoblepas
 11686 | D:10     | Entered Level 10 of the Dungeon
 11719 | D:10     | Reached skill level 14 in Long Blades
 12580 | D:11     | Found a transporter.
 12585 | D:11     | Found a transporter.
 12589 | D:11     | Found a transporter.
 12612 | D:11     | Found a transporter.
 12617 | D:11     | Noticed a two-headed ogre
 12669 | D:11     | Found a staircase to the Orcish Mines.
 12669 | D:11     | Noticed a green ugly thing
 12678 | D:11     | Killed a green ugly thing
 12845 | D:11     | Found Qetrosill's Jewellery Boutique.
 12855 | D:11     | Noticed Fannar
 12861 | D:11     | Noticed a two-headed ogre
 12887 | D:11     | Killed Fannar
 12891 | D:11     | Killed a two-headed ogre
 13190 | D:11     | Noticed a two-headed ogre
 13202 | D:11     | Slain by a two-headed ogre

Illustrated notes

Levels and vault maps discovered:
D:1:      dpeg_arrival_round_a, layout_loops_ring, st_stairs_8,
          corexii_corridor_pit, minmay_tromino_v4_a
D:2:      layout_loops_ring, hellmonk_ecumenical_altar_inner_sanctum
D:3:      layout_basic, serial_undead, serial_undead_f, serial_undead_c,
          serial_undead_e, serial_undead_c, uniq_ijyb
D:4:      layout_basic, zin_scriptorium, mainiacjoe_overflow_surrounded_room,
          serial_shops, kennysheep_little_box,
          minmay_fractal_squares_diagonal_5, uniq_robin
D:5:      layout_loops_ring, minmay_temple_entry_drinking_statues,
          gup_sewer_entry_bubbles
D:6:      nicolae_cairo_tiling_large_dashed, layout_loops_cross,
          mainiacjoe_overflow_tiny_flanked, nicolae_ossuary_entry_ruins
D:7:      layout_basic, dancing_weapons_uskayaw
D:8:      layout_loops_ring, mainiacjoe_overflow_small_starburst,
          general_overflow_altar, mainiacjoe_overflow_chevrons
D:9:      layout_loops_ring, mainiacjoe_overflow_catwalk,
          minmay_lair_entry_grove, minmay_evil_grid
D:10:     layout_irregular_city
D:11:     layout_small_grid, orc_0_dummy, serial_shops,
          nicolae_shop_hallway_stairs, nicolae_transporter_circle, uniq_fannar

Skill      XL: |  1  2  3  4  5  6  7  8  9 10 11 |
---------------+----------------------------------+-----
Long Blades    | 3 4 5 6 7 9 11 13 14 | 14.8
Armour         | 2 3 4 5 7 |  7.1
Stealth        | 1 |  1.3
Evocations     | 4 6 7 |  7.0
Fighting       | |  3.0
Throwing       | |  0.2
Dodging        | |  1.7

Action                   |  1- 3 |  4- 6 |  7- 9 | 10-12 || total
-------------------------+-------+-------+-------+-------++-------
Melee: Falchion          |   123 |    87 |   206 |       ||   416
       Punch             |       |     1 |     3 |       ||     4
       Great sword       |       |     9 |   163 |   255 ||   427
Throw: Dart              |       |       |     8 |    13 ||    21
Invok: Berserk           |     2 |     5 |     3 |     4 ||    14
       Brothers in Arms  |       |       |       |     2 ||     2
       Trog's Hand       |       |       |       |     1 ||     1
Evoke: Wand              |       |     1 |     2 |     3 ||     6
  Use: Scroll            |       |     6 |    18 |     7 ||    31
       Potion            |       |       |     2 |       ||     2
 Stab: Sleeping          |     3 |       |     2 |       ||     5
       Petrifying        |       |       |       |     1 ||     1
Armor: Animal skin       |     6 |       |       |       ||     6
       Ring mail         |    12 |       |       |       ||    12
       Chain mail        |    24 |    37 |    79 |       ||   140
       Leather armour    |       |       |    74 |    50 ||   124
       Gold dragon scale |       |       |       |   125 ||   125
Dodge: Dodged            |    57 |    33 |   184 |   102 ||   376
